 Dungeon Crawl Stone Soup version 0.31-a0-795-g5eb97db20b (webtiles) character file.

Game seed: 7221564918856465434

2340 Midn8 the Basher (level 9, -4/69 HPs)
             Began as a Demonspawn Chaos Knight on Sept 15, 2023.
             Was a Plaything of Xom.
             Slain by a three-headed hydra (11 damage)
             ... on level 7 of the Dungeon on Sept 18, 2023.
             The game lasted 00:18:30 (6513 turns).

Midn8 the Basher (Demonspawn Chaos Knight)          Turns: 6513, Time: 00:18:31

Health: -4/69      AC: 12    Str: 25    XL:     9   Next: 19%
Magic:  9/9        EV: 10    Int: 17    God:    Xom [*.....]
Gold:   163        SH:  0    Dex: 19    Spells: 8/8 levels left

rFire   + + .        p - +0 hand axe (flame)
rCold   . . .        (no shield)
rNeg    . . .        r - +3 scale mail {rF+}
rPois   .            (helmet restricted)
rElec   .            (no cloak)
rCorr   .            y - +1 pair of gloves {Dex+3}
SInv    +            (no boots)
Will    .....        j - amulet of regeneration Stlth
                     K - ring of the Uplifting Hero {Wiz Dex+5 SInv}
HPRegen 1.11/turn    H - +6 ring of intelligence
MPRegen 0.11/turn

%: clarity, wizardry (x1)
@: no status effects
A: horns 1, demonic guardian 2, powered by pain 1, clarity, fire resistance 1,
strong 2
a: Renounce Religion


You were on level 7 of the Dungeon.
You worshipped Xom.
You were a special plaything of Xom.
You visited 1 branch of the dungeon, and saw 7 of its levels.
You also visited: Sewer.

You collected 457 gold pieces.
You spent 294 gold pieces at shops.

Inventory:

Hand Weapons
 a - a +0 mace of chaos
 p - a +0 hand axe of flaming (weapon)
 D - a +1 flail
 I - a +0 lajatang of chaos
Missiles
 u - 9 boomerangs
 v - 17 poisoned darts
 w - 8 javelins
Armour
 b - a +2 leather armour
 d - the +1 robe of Vines {NoPotionHeal Regen++++}
   (You found it on level 7 of the Dungeon)

   NoPotionHeal: Its wearer cannot be healed by potions.
   Regen++++: It increases your rate of health regeneration.
 e - a +0 chain mail
 r - a +3 scale mail of fire resistance (worn)
 s - +0 ice dragon scales
 y - a +1 pair of gloves of dexterity (worn)
Jewellery
 j - an amulet of regeneration (around neck)
 C - a ring of flight
 H - a +6 ring of intelligence (right hand)
 K - the ring of the Uplifting Hero (left hand) {Wiz Dex+5 SInv}
   (Xom gifted it to you on level 6 of the Dungeon)

   [ring of wizardry]

   Wiz:       It improves your spell success rate.
   Dex+5:     It affects your dexterity (+5).
   SInv:      It lets you see invisible.
Talismans
 g - a dragon-blood talisman
Wands
 B - a wand of digging (5)
 F - a wand of roots (16)
 J - a wand of quicksilver (6)
 L - a wand of mindburst (1)
Scrolls
 c - 2 scrolls of butterflies
 h - a scroll of vulnerability
 l - a scroll of fog {unknown}
 m - 3 scrolls of amnesia
 q - 2 scrolls of blinking
 t - 4 scrolls of teleportation
 x - 2 scrolls of enchant weapon
 A - a scroll of silence {unknown}
Potions
 f - a potion of enlightenment
 i - 7 potions of curing
 k - 5 potions of heal wounds
 n - a potion of magic {unknown}
 o - 2 potions of haste {unknown}
 z - 2 potions of resistance {unknown}
 E - 2 potions of mutation {unknown}
 G - 2 potions of ambrosia {unknown}
 N - a potion of lignification {unknown}
Miscellaneous
 M - a phantom mirror


   Skills:
 - Level 6.0 Fighting
 - Level 8.0(9.0) Maces & Flails
 + Level 6.3(8.2) Staves
 - Level 3.2 Armour
 - Level 0.8 Dodging


You had 8 spell levels left.
You didn't know any spells.
Your spell library contained the following spells:

 Spells                   Type           Power      Damage    Failure   Level
 Foxfire                  Conj/Fire      0%         2x1d4     22%         1
 Dazzling Flash           Conj/Hex       0%         N/A       52%         3
 Agony                    Necr           0%         N/A       99%         5
 Silence                  Hex/Air        0%         N/A       99%         5
 Plasma Beam              Fire/Air       0%         2x1d10    100%        6
 Starburst                Conj/Fire      0%         6d3       100%        6


Dungeon Overview and Level Annotations

Branches:
Dungeon (7/15)             Temple (0/1) D:7           Sewer (visited)

Altars:
Qazlal
Trog
Xom
Yredelemnul

Shops:
D:2 !   D:4 [[


Innate Abilities, Weirdness & Mutations

You have a pair of small horns on your head.
A demonic guardian rushes to your aid.
You sometimes gain a little power by taking damage.
You possess an exceptional clarity of mind.
Your flesh is heat resistant. (rF+)
Your muscles are very strong. (Str +8, Int/Dex -2)


Message History

You feel resistant to fire.
Unknown command.
You feel a little less agile now.
You see here a troll corpse.
You see here a +0 short sword.
There is an open door here.
Found a staircase to the Ecumenical Temple.
A five-headed hydra is nearby!
Your +0 hand axe of flaming bursts into flame!
p - a +0 hand axe of flaming (weapon)
The five-headed hydra roars!
You hit the five-headed hydra but do no damage.
You headbutt the five-headed hydra.
The five-headed hydra is lightly wounded.
The five-headed hydra bites you. x2
The five-headed hydra bites you but does no damage. x3
You completely miss the five-headed hydra.
The five-headed hydra bites you. The five-headed hydra bites you! x2
The five-headed hydra bites you but does no damage.
The five-headed hydra bites you!
You chop one of the five-headed hydra's heads off!
The flame cauterises the wound!
You slash the four-headed hydra! You burn the four-headed hydra.
You headbutt the four-headed hydra.
The four-headed hydra is moderately wounded.
The four-headed hydra bites you but does no damage.
The four-headed hydra bites you!
The four-headed hydra bites you but does no damage.
The four-headed hydra bites you!
* * * LOW HITPOINT WARNING * * *
Unknown command.
You hack one of the four-headed hydra's heads off!
The flame cauterises the wound!
You slash the three-headed hydra! You burn the three-headed hydra.
You headbutt the three-headed hydra.
The three-headed hydra is moderately wounded.
The three-headed hydra bites you!
* * * LOW HITPOINT WARNING * * *
A demonic guardian appears!
The three-headed hydra closely misses you.
The three-headed hydra bites you!
You die...

####.##)...........#
...)(..(##########.#
####(#...## #.#
####......# #.#
.....#...## #.#
#######.## ###.# #
#.# #...# #.# #.###
#+# #@# #D# #4# #..
### #.. ..'. ....
###. #... #..#.


You could see a three-headed hydra (ally target) and a friendly rust devil
(summoned).

Vanquished Creatures
  Grinder (D:6)
  A troll (D:7)
  A yak (D:7)
  A water moccasin (D:6)
  2 black bears
  2 sky beasts
  A centaur (D:6)
  A kobold brigand (D:7)
  3 bullfrogs
  3 scorpions (D:6)
  3 hounds
  A jelly (D:5)
  An orc priest (D:5)
  A gnoll bouda (D:6)
  A sleepcap (D:5)
  Natasha (D:1)
  2 iguanas
  4 orc wizards
  Robin (D:4)
  8 gnolls
  7 adders
  3 ufetubi (D:5)
  The ghost of cforsyth the Sneak, a weakling DjDe (D:5)
  2 dart slugs
  17 orcs
  13 endoplasms
  8 giant cockroaches
  12 goblins
  6 hobgoblins
  5 jackals
  14 kobolds
  10 quokkas
  16 ball pythons
  5 bats
  15 frilled lizards
  10 rats
183 creatures vanquished.

Vanquished Creatures (collateral kills)
  A bullfrog (Sewer)
  An orc (D:2)
  A ball python (Sewer)
  A jackal (D:2)
  2 frilled lizards (Sewer)
6 creatures vanquished.

Vanquished Creatures (others)
  An ogre (D:5)
  An endoplasm zombie (Sewer)
2 creatures vanquished.

Grand Total: 191 creatures vanquished

Notes
Turn   | Place    | Note
-------+----------+-------------------------------------------
     0 | D:1      | Midn8 the Demonspawn Chaos Knight began the quest for the
                  | Orb.
     0 | D:1      | Reached XP level 1. HP: 18/18 MP: 1/1
    40 | D:1      | XOM: potion effect (attraction)
    98 | D:1      | Reached skill level 3 in Maces & Flails
   132 | D:1      | XOM: 3-stop teleportation journey
   137 | D:1      | Gained mutation: You have a pair of small horns on your
                  | head. [demonic ancestry]
   137 | D:1      | Reached XP level 2. HP: 24/24 MP: 2/2
   158 | D:1      | XOM: scenery: 1 doors open
   222 | D:1      | XOM: silly message
   243 | D:1      | XOM: 2-stop teleportation journey
   482 | D:1      | XOM: silly message
   605 | D:1      | XOM: torment (13/24 hp)
   861 | D:2      | Found a basalt altar of Yredelemnul.
   863 | D:2      | Noticed Natasha
   877 | D:2      | Gained mutation: A weak demonic guardian rushes to your
                  | aid. [demonic ancestry]
   877 | D:2      | Reached XP level 3. HP: 24/29 MP: 3/3
   881 | D:1      | XOM: swap monsters
   883 | D:1      | Killed Natasha
   884 | D:1      | Reached skill level 4 in Maces & Flails
   922 | D:2      | Found Zuogau's Distillery.
   931 | D:2      | Bought a potion of curing for 36 gold pieces
  1001 | D:2      | Reached XP level 4. HP: 35/35 MP: 4/4
  1366 | D:2      | Bought a potion of heal wounds for 60 gold pieces
  1381 | D:2      | Reached skill level 5 in Maces & Flails
  1467 | D:2      | XOM: noise
  1604 | D:2      | XOM: noise
  1697 | D:3      | XOM: scenery: summon butterflies
  1755 | D:3      | Reached XP level 5. HP: 24/41 MP: 5/5
  1816 | D:3      | Found a glowing drain.
  1823 | Sewer    | Entered a sewer
  1870 | Sewer    | XOM: cloud trail
  2071 | Sewer    | XOM: summons friendly iron imp
  2076 | Sewer    | Reached skill level 6 in Maces & Flails
  2077 | Sewer    | Gained mutation: You sometimes gain a little power by
                  | taking damage. [demonic ancestry]
  2077 | Sewer    | Reached XP level 6. HP: 45/47 MP: 6/6
  2118 | Sewer    | Upgraded the game from 0.31-a0-765-g67fe2935dc to
                  | 0.31-a0-795-g5eb97db20b
  2198 | D:3      | XOM: god gift: scroll labelled ROLOBA QUIRASS {god gift}
  2608 | D:3      | XOM: cloud trail
  2789 | D:3      | XOM: god gift: 65 gold pieces
  2802 | D:3      | Reached XP level 7. HP: 53/54 MP: 7/7
  3000 | D:4      | Found Umumuy's Armour Shop.
  3064 | D:4      | Reached skill level 7 in Maces & Flails
  3152 | D:4      | XOM: give mutations
  3152 | D:4      | Gained mutation: Your flesh is heat resistant. (rF+) [Xom's
                  | grace]
  3152 | D:4      | Gained mutation: You possess an exceptional clarity of
                  | mind. [Xom's grace]
  3152 | D:4      | Gained mutation: Your muscles are strong. (Str +4, Int/Dex
                  | -1) [Xom's grace]
  3152 | D:4      | Gained mutation: Your muscles are very strong. (Str +8,
                  | Int/Dex -2) [Xom's grace]
  3341 | D:4      | Found Posur's Armour Emporium.
  3358 | D:4      | Bought a +1 pair of gloves of dexterity for 198 gold pieces
  3522 | D:4      | XOM: scenery: summon butterflies
  3602 | D:4      | Noticed Robin
  3618 | D:4      | Killed Robin
  3714 | D:5      | Entered Level 5 of the Dungeon
  3778 | D:5      | XOM: god gift: wand of digging (5)
  3817 | D:5      | XOM: god gift: scroll labelled ROLOBA QUIRASS {god gift}
  3845 | D:5      | Noticed cforsyth's ghost (weakling DjDe)
  3849 | D:5      | Found a runed translucent door.
  4212 | D:5      | Found a stormy altar of Qazlal.
  4320 | D:5      | XOM: divine lightning
  4361 | D:5      | Reached skill level 8 in Maces & Flails
  4432 | D:5      | Killed cforsyth's ghost
  4646 | D:6      | XOM: god gift: lajatang {god gift}
  4669 | D:6      | Reached skill level 1 in Staves
  4699 | D:6      | Noticed Grinder
  4703 | D:6      | XOM: cleaving
  4719 | D:6      | Killed Grinder
  4720 | D:6      | Reached XP level 8. HP: 61/61 MP: 8/8
  4765 | D:6      | XOM: confuse monster(s)
  4870 | D:6      | XOM: 6-stop teleportation journey
  5045 | D:6      | XOM: scenery: create altars
  5047 | D:6      | Reached skill level 5 in Staves
  5637 | D:6      | Identified the ring of the Uplifting Hero {Wiz Dex+5 SInv}
                  | (Xom gifted it to you on level 6 of the Dungeon)
  5637 | D:6      | XOM: god gift: ring of the Uplifting Hero {Wiz Dex+5 SInv}
  5874 | D:7      | XOM: god gift: phantom mirror
  5881 | D:7      | Reached skill level 5 in Fighting
  5974 | D:7      | XOM: confuse monster(s)
  5982 | D:7      | Noticed a troll
  5982 | D:7      | a troll changed into a yak
  5982 | D:7      | XOM: polymorph troll -> yak
  5983 | D:7      | XOM: fake destruction
  5988 | D:7      | XOM: enchant monster (good)
  5989 | D:7      | XOM: summons 2 friendly demons
  6008 | D:7      | Gained mutation: A demonic guardian rushes to your aid.
                  | [demonic ancestry]
  6008 | D:7      | Reached XP level 9. HP: 69/69 MP: 9/9
  6022 | D:7      | Noticed a five-headed hydra
  6154 | D:7      | Found a bloodstained altar of Trog.
  6361 | D:7      | Found the +1 robe of Vines {NoPotionHeal Regen++++}
  6367 | D:7      | Noticed a troll
  6378 | D:7      | Killed a troll
  6452 | D:7      | Found a staircase to the Ecumenical Temple.
  6513 | D:7      | Slain by a three-headed hydra

Illustrated notes

Levels and vault maps discovered:
D:1:      lemuel_arrival_behind_the_door_large, layout_loops_corners
D:2:      layout_rooms, serial_shops, shop, basic_altar, minmay_pentomino_z4,
          uniq_natasha
D:3:      layout_loops_corners, gup_sewer_entry_bubbles
D:4:      layout_loops_ring, nicolae_overflow_hidden_temple, serial_shops, shop,
          nicolae_shop_stone, uniq_robin
D:5:      layout_loops_ring, lemuel_doored_altar, hellmonk_ghost_happy_afterlife
D:6:      layout_layer_cave, uniq_grinder
D:7:      layout_loops_corners, trog_three_pillars_becter,
          minmay_temple_entry_statues_pillars, hellmonk_guarded_unrand_vines

Skill      XL: |  1  2  3  4  5  6  7  8  9 |
---------------+----------------------------+-----
Maces & Flails | 3 4 5 6 8 |  8.0
Fighting       | 4 6 |  6.0
Staves         | 3 6 |  6.3
Armour         | 2 3 |  3.2
Dodging        | |  0.8

Action                     |  1- 3 |  4- 6 |  7- 9 || total
---------------------------+-------+-------+-------++-------
  Melee: Mace              |    90 |   223 |    83 ||   396
         Headbutt          |     7 |    35 |    41 ||    83
         Punch             |       |     1 |       ||     1
         Flail             |       |       |    25 ||    25
         Lajatang          |       |       |   100 ||   100
         Hand axe          |       |       |     4 ||     4
    Use: Scroll            |     1 |     3 |     3 ||     7
   Stab: Sleeping          |     1 |     1 |       ||     2
         Paralysed         |       |     2 |       ||     2
         Petrified         |       |     1 |       ||     1
         Confused          |       |     1 |       ||     1
 Armour: Leather armour    |    57 |    25 |       ||    82
         Chain mail        |       |   126 |       ||   126
         Scale mail        |       |    33 |   156 ||   189
  Dodge: Dodged            |    68 |   120 |    89 ||   277

Table legend: (Time is in decaauts)
 A = Elapsed time spent in this place.
 B = Non-inter-level travel time spent in this place.
 C = Inter-level travel time spent in this place.
 D = Time resting spent in this place.
 E = Time spent auto-exploring this place.
 F = Levels seen in this place.
 G = Mean time per level.
                   A        B        C        D        E       F      G
               +--------+--------+--------+--------+--------+-----+--------+
         Total |   6664 |   6341 |    323 |    175 |   4486 |   8 |  833.0 |
       Dungeon |   6275 |   5952 |    323 |    161 |   4462 |   7 |  896.4 |
         Sewer |    388 |    388 |      0 |     14 |     24 |   1 |  388.0 |
               +--------+--------+--------+--------+--------+-----+--------+

Top non-repeatable levels by time:
     D:6: 1393 daAuts
     D:3: 1098 daAuts
     D:1: 897 daAuts
     D:5: 781 daAuts
     D:2: 744 daAuts
     D:4: 733 daAuts
     D:7: 626 daAuts
   Sewer: 388 daAuts
